 Dungeon Crawl Stone Soup version 0.18-a0-1562-gac8da35 (webtiles) character file.

28381 angel3174 the Blocker (level 13, 0/135 HPs)
             Began as a Gargoyle Berserker on Mar 13, 2016.
             Was a Priest of Trog.
             Shot with an arrow of frost by a deep elf archer (11 damage)
             ... on level 14 of the Dungeon.
             The game lasted 02:27:09 (17653 turns).

angel3174 the Blocker (Gargoyle Berserker)         Turns: 17653, Time: 02:27:10

Health: 0/135      AC: 34    Str: 27    XL:     13   Next: 38%
Magic:  15/15      EV: 10    Int:  8    God:    Trog [***...]
Gold:   530        SH: 13    Dex: 15    Spells: 0 memorised, 12 levels left

rFire  + . .     SeeInvis .     a - +5 mace
rCold  + . .     Gourm    .     p - +2 plate armour
rNeg   + + .     Faith    .     b - +0 shield
rPois  ∞         Spirit   .     n - +0 helmet
rElec  +         Dismiss  .     D - +1 cloak "Sewebule" {rF+ rN+ Str-3}
rCorr  .         Reflect  .     M - +0 pair of gloves
SustAt .         Harm     .     (no boots)
MR     .....                    S - amulet of magic regeneration
Stlth  ..........               I - +3 ring of protection
                                e - +5 ring of dexterity

@: berserking (expiring), very slightly contaminated, hasted, very quick, not
resistant to hostile enchantments, extremely unstealthy
A: cold resistance 1, negative energy resistance 1, robust 1, screaming 1,
electricity resistance, unbreathing, petrification resistance, rot immunity, AC
+9
a: Berserk, Trog's Hand, Burn Spellbooks, Renounce Religion


You were on level 14 of the Dungeon.
You worshipped Trog.
Trog was most pleased with you.
You were not hungry.

You visited 2 branches of the dungeon, and saw 15 of its levels.
You also visited: Sewer.

You collected 785 gold pieces.
You spent 255 gold pieces at shops.

Inventory:

Hand Weapons
 a - a +5 mace (weapon)
 i - a +3 quarterstaff of chaos
 v - a +0 blowgun
 B - a +0 shortbow of flaming
 C - a +5 battleaxe of chopping
 W - a +4 war axe of flaming
Missiles
 d - 55 poisoned needles
 x - 6 needles of sleeping
 G - 202 arrows
 N - 38 arrows of dispersal
 O - 8 curare-tipped needles
 U - 7 javelins (quivered)
Armour
 b - a +0 shield (worn)
 k - the +2 pair of gloves of the Valley of Death {*Corrode Str+6 SInv}
   (You found it on level 8 of the Dungeon)

   It affects your strength (+6).
   It lets you see invisible.
   It may corrode your equipment when you take damage.
 n - a +0 helmet (worn)
 p - a +2 plate armour (worn)
 y - a +0 cloak of invisibility
 D - the +1 cloak "Sewebule" (worn) {rF+ rN+ Str-3}
   (You acquired it on level 9 of the Dungeon)

   It affects your strength (-3).
   It protects you from fire.
   It protects you from negative energy.
 M - a +0 pair of gloves (worn)
Jewellery
 e - a +5 ring of dexterity (left hand)
 I - a +3 ring of protection (right hand)
 R - an uncursed ring of flight
 S - an amulet of magic regeneration (around neck)
Wands
 o - a wand of flame (28/48)
 w - a wand of hasting (5/9)
 F - a wand of confusion (0/48)
 H - a wand of random effects (29/48)
 K - a wand of lightning (9/15)
 T - a wand of digging (10/24)
Scrolls
 j - a scroll of blinking
 q - a scroll of silence
 r - a scroll of enchant armour
 s - 2 scrolls of teleportation
 A - 6 scrolls of remove curse
 E - 2 scrolls of identify
 J - a scroll of magic mapping
 Q - 4 scrolls of immolation
 V - a scroll of fog
Potions
 g - a potion of might
 h - 8 potions of curing
 m - a potion of haste
 t - 3 potions of magic
 z - 3 potions of degeneration
 L - a potion of agility
Comestibles
 c - 5 beef jerkies
 u - 5 bread rations
 P - 2 meat rations
 X - 4 chunks of flesh


   Skills:
 + Level 9.9 Fighting
 + Level 11.0 Maces & Flails
 + Level 6.0 Bows
 + Level 4.6 Throwing
 + Level 10.0 Armour
 + Level 6.6 Dodging
 - Level 1.2 Stealth
 + Level 11.1 Shields
 + Level 3.2 Evocations


You had 12 spell levels left.
You didn't know any spells.

Dungeon Overview and Level Annotations

Branches:
Dungeon (13/15)            Temple (0/1) D:7            Lair (1/8) D:11
    Orc (0/2) D:10         Vaults (0/5) D:13

Altars:
Ashenzari
Cheibriados
Dithmenos
Makhleb
Okawaru
Ru
Trog
Vehumet
Xom
The Shining One

Shops:
D:10 (


Innate Abilities, Weirdness & Mutations

You are resistant to torment.
Your stone body is resilient (AC +9).
You are immune to poison.
You resist negative energy.
You are resistant to electric shocks.
You can survive without breathing.
You are immune to petrification.
You are immune to rotting.
Your flesh is cold resistant.
You are robust (+10% HP).
You occasionally shout uncontrollably at your foes.


Message History

The water elemental is severely damaged.
The water elemental hits you.
* * * LOW HITPOINT WARNING * * *
The water elemental engulfs you in water!
You bludgeon the water elemental!!
You destroy the water elemental!
The water engulfing you falls away.
The deep elf archer shoots an arrow of frost.
You block the arrow of frost.
You sock the water elemental!
The water elemental is severely damaged.
You sock the water elemental!
You destroy the water elemental!
Your Armour skill increases to level 10!
The deep elf archer shoots an arrow of frost.
You block the arrow of frost.
You feel a strong urge to attack something.
The deep elf archer shoots an arrow of frost.
The arrow of frost hits you!
You die...

≈...≈ #≈≈≈≈≈...≈≈≈≈≈# ≈.≈
#≈≈≈≈≈≈.≈≈≈≈≈≈#
######'#############'#######
≈≈≈≈≈≈(≈≈≈≈≈≈#≈≈≈≈≈≈[≈≈≈≈≈≈#
≈≈≈≈≈...≈≈≈≈≈#≈≈≈≈≈...≈≈≈≈≈#
≈≈≈≈.....≈≈≈≈#≈≈≈≈.....≈≈≈≈#
≈≈≈.......≈≈≈#≈≈≈.......≈≈≈#
≈≈..♣...♣[.≈≈#≈≈..♣...♣..≈≈#
≈.....[.....≈#≈.@e......(.≈#
......♣....)))(....?.......#
≈..........)≈#≈...........≈#
≈≈..♣...♣..≈≈#≈≈..♣...♣..≈≈#
≈≈≈.......≈≈≈#≈≈≈.......≈≈≈#
≈≈≈≈.....≈≈≈≈#≈≈≈≈.....≈≈≈≈#
≈≈≈≈≈...≈≈≈≈≈#≈≈≈≈≈...≈≈≈≈≈#
≈≈≈≈≈≈.≈≈≈≈≈≈#≈≈≈≈≈≈.≈≈≈≈≈≈#
############################


You could see a deep elf archer.

Vanquished Creatures
  A fire giant (D:14)
  A great orb of eyes (D:14)
  A centaur warrior (D:14)
  7 hell knights (D:12)
  3 slime creatures (D:11)
  A fire crab (shapeshifter) (D:13)
  A wizard (D:14)
  The ghost of Azzok the Transmogrifier, a novice NaTm (D:7)
  2 unseen horrors
  A deep troll (D:8)
  A necromancer (D:12)
  3 hill giants
  An ugly thing (D:12)
  2 deep elf magi
  4 centaur zombies
  2 gargoyles
  A kobold demonologist (Sewer)
  A tengu conjurer (D:14)
  A freezing wraith (D:14)
  Prince Ribbit (D:6)
  Grinder (Sewer)
  2 two-headed ogres
  4 water elementals (D:14)
  A shadow (D:12)
  9 yaks
  2 vampires
  Grum (D:11)
  A hungry ghost (D:14)
  2 water moccasins
  7 hell hounds (D:12)
  4 orc warriors
  5 phantoms
  2 black bears
  A necrophage (D:13)
  An ice beast (D:11)
  7 ogres
  3 wolves (D:11)
  A boggart (D:11)
  9 centaurs
  3 big kobolds
  7 giant frogs
  A gnoll sergeant (D:8)
  A wyvern zombie (D:12)
  2 wyvern skeletons
  5 scorpions
  12 killer bees
  8 electric eels
  A howler monkey (D:7)
  A wasp zombie (D:10)
  5 crimson imps
  2 giant frog zombies (D:12)
  A centaur skeleton (D:12)
  A quasit (D:7)
  6 hounds
  4 jellies
  5 orc wizards
  8 orc priests
  5 giant frog skeletons
  Crazy Yiuf (D:3)
  Ijyb (D:2)
  Terence (D:3)
  9 iguanas
  20 worker ants
  A big kobold zombie (Sewer)
  A hound skeleton (D:6)
  A worker ant zombie (D:11)
  8 gnolls
  13 adders
  10 river rats
  8 shadow imps
  2 ufetubi (Sewer)
  2 oozes (Sewer)
  2 adder skeletons
  3 dart slugs
  6 giant geckos
  35 orcs
  A ball python (D:4)
  7 giant cockroaches
  5 goblins
  4 hobgoblins
  7 jackals
  2 quokkas
  9 bats
  3 giant newts
  30 kobolds
  2 kobold zombies (Sewer)
  5 rats
376 creatures vanquished.

Vanquished Creatures (collateral kills)
  A naga warrior (D:10)
  A centaur warrior (D:10)
  Sonja (D:11)
  2 wargs (D:11)
  2 orc warriors (D:10)
  An electric eel (D:14)
  A hound (D:11)
  An orc priest (D:11)
  An orc (D:11)
11 creatures vanquished.

Vanquished Creatures (others)
  An ettin (D:14)
  A necromancer (D:13)
  2 killer bees (D:12)
  A hound (D:14)
  An ooze (Sewer)
6 creatures vanquished.

Grand Total: 393 creatures vanquished

Notes
Turn   | Place    | Note
--------------------------------------------------------------
     0 | D:1      | angel3174 the Gargoyle Berserker began the quest for the Orb.
     0 | D:1      | Reached XP level 1. HP: 14/14 MP: 1/1
   126 | D:1      | Reached XP level 2. HP: 13/19 MP: 2/2
   709 | D:1      | Reached XP level 3. HP: 24/24 MP: 3/3
  1088 | D:2      | Found a bloodstained altar of Trog.
  1206 | D:2      | Found a shadowy altar of Dithmenos.
  1221 | D:2      | Found a shimmering altar of Xom.
  1266 | D:2      | Noticed Ijyb
  1276 | D:2      | Killed Ijyb
  1276 | D:2      | Reached ** piety under Trog
  1276 | D:2      | Reached XP level 4. HP: 29/29 MP: 4/4
  1321 | D:2      | Found a burning altar of Makhleb.
  1414 | D:2      | Found a faded altar to an unknown god.
  2259 | D:3      | Noticed Terence
  2271 | D:3      | Killed Terence
  2271 | D:3      | Reached skill level 1 in Shields
  2271 | D:3      | Reached XP level 5. HP: 33/33 MP: 5/5
  2460 | D:3      | Noticed Crazy Yiuf
  2465 | D:3      | Killed Crazy Yiuf
  2698 | D:4      | Reached XP level 6. HP: 32/38 MP: 6/6
  3014 | D:4      | Found a radiant altar of Vehumet.
  3286 | D:4      | Noticed a phantom
  3331 | D:4      | Killed a phantom
  3331 | D:4      | Reached XP level 7. HP: 44/44 MP: 7/7
  3344 | D:4      | Reached skill level 1 in Stealth
  3719 | D:5      | Entered Level 5 of the Dungeon
  3752 | D:5      | Found a shattered altar of Ashenzari.
  4079 | D:5      | Found a snail-covered altar of Cheibriados.
  4106 | D:5      | Reached skill level 5 in Maces & Flails
  4126 | D:5      | Reached skill level 1 in Throwing
  4648 | D:5      | Reached XP level 8. HP: 41/48 MP: 8/8
  4713 | D:5      | Found an iron altar of Okawaru.
  4714 | D:5      | Reached *** piety under Trog
  5147 | D:6      | Reached skill level 5 in Fighting
  5153 | D:6      | Reached skill level 5 in Armour
  5577 | D:6      | Found a glowing drain.
  5594 | Sewer    | Entered a sewer
  5846 | Sewer    | Found a burning altar of Makhleb.
  5867 | Sewer    | Noticed an apprentice kobold demonologist
  5892 | Sewer    | Killed an apprentice kobold demonologist
  5913 | Sewer    | Noticed Grinder
  5913 | Sewer    | Reached XP level 9. HP: 52/54 MP: 9/9
  5942 | Sewer    | Paralysed by Grinder for 2 turns
  5953 | Sewer    | Paralysed by Grinder for 6 turns
  5981 | Sewer    | Killed Grinder
  6013 | Sewer    | Reached **** piety under Trog
  6362 | D:6      | Received a gift from Trog
  6601 | D:6      | Reached skill level 5 in Dodging
  6601 | D:6      | Reached skill level 5 in Shields
  6746 | D:6      | Noticed Prince Ribbit
  7239 | D:6      | Killed Prince Ribbit
  7516 | D:7      | Found a glowing golden altar of the Shining One.
  7551 | D:7      | Reached skill level 1 in Evocations
  7618 | D:7      | Noticed Azzok's ghost (novice NaTm)
  7708 | D:7      | Killed Azzok's ghost
  7708 | D:7      | Reached XP level 10. HP: 37/61 MP: 10/10
  8368 | D:7      | Found a staircase to the Ecumenical Temple.
  8993 | D:8      | Noticed a deep troll
  9027 | D:8      | Killed a deep troll
  9656 | D:8      | Reached skill level 1 in Bows
  9752 | D:8      | Got a pair of faintly glowing gloves
  9768 | D:8      | Identified the +2 pair of gloves of the Valley of Death {*Corrode Str+6 SInv} (You found it on level 8 of the Dungeon)
 10315 | D:8      | Found a sacrificial altar of Ru.
 10564 | D:9      | Identified a scroll of acquirement
 10567 | D:9      | Got a heavily runed cloak
 10578 | D:9      | Identified the +1 cloak "Sewebule" {rF+ rN+ Str-3} (You acquired it on level 9 of the Dungeon)
 10877 | D:9      | Reached XP level 11. HP: 68/68 MP: 12/12
 11358 | D:9      | Found a glowing golden altar of the Shining One.
 11872 | D:10     | Entered Level 10 of the Dungeon
 11904 | D:10     | Received a gift from Trog
 11971 | D:10     | Noticed an unseen horror
 11979 | D:10     | Killed an unseen horror
 12077 | D:10     | Found Uxkynas's Antique Weapon Boutique.
 12107 | D:10     | Bought a warped hand crossbow for 255 gold pieces
 12158 | D:10     | Found a staircase to the Orcish Mines.
 12258 | D:10     | Noticed a naga warrior
 12260 | D:10     | Found a large runed door.
 12262 | D:10     | Found a large runed door.
 12299 | D:10     | Found an iron altar of Okawaru.
 12309 | D:10     | Noticed a centaur warrior
 12317 | D:10     | Killed a naga warrior
 12323 | D:10     | Killed a centaur warrior
 12338 | D:10     | Found an iron altar of Okawaru.
 12348 | D:10     | Got an ancient cloak
 12377 | D:10     | Identified the cursed +0 cloak of Masochism {rPois rF+ Int+3} (You found it on level 10 of the Dungeon)
 12617 | D:11     | Noticed Sonja
 12628 | D:11     | Noticed a hill giant
 12640 | D:11     | Killed a hill giant
 12653 | D:11     | Killed Sonja
 12659 | D:11     | Found a staircase to the Lair.
 12845 | D:11     | Gained mutation: Your muscles are strong. (Str +2) [potion of mutation]
 12845 | D:11     | Gained mutation: Your body sometimes deteriorates upon taking damage. [potion of mutation]
 12845 | D:11     | Gained mutation: You can translocate small distances at will. [potion of mutation]
 12846 | D:11     | Lost mutation: Your muscles are strong. (Str +2) [potion of cure mutation]
 12846 | D:11     | Lost mutation: Your body sometimes deteriorates upon taking damage. [potion of cure mutation]
 12846 | D:11     | Lost mutation: You can translocate small distances at will. [potion of cure mutation]
 13078 | Lair:1   | Entered Level 1 of the Lair of Beasts
 13454 | D:11     | Noticed Grum
 13476 | D:11     | Killed Grum
 13968 | D:11     | Reached XP level 12. HP: 42/75 MP: 13/13
 14500 | D:12     | Gained mutation: You are robust (+10% HP). [mutagenic meat]
 14501 | D:12     | Gained mutation: Your flesh is cold resistant. [mutagenic meat]
 14502 | D:12     | Gained mutation: You occasionally shout uncontrollably at your foes. [mutagenic meat]
 14849 | D:12     | Reached skill level 10 in Shields
 14974 | D:12     | Noticed a hell knight
 15010 | D:12     | Killed a hell knight
 15010 | D:12     | Reached skill level 10 in Maces & Flails
 15053 | D:12     | Noticed a hell knight
 15059 | D:12     | Noticed a hell knight
 15577 | D:12     | Killed a hell knight
 15614 | D:12     | Killed a hell knight
 15965 | D:12     | Noticed a hell knight
 15997 | D:12     | Reached skill level 5 in Bows
 16447 | D:12     | Killed a hell knight
 16861 | D:13     | Found a gate to the Vaults.
 16999 | D:13     | You fall through a shaft!
 17021 | D:14     | Reached XP level 13. HP: 59/88 MP: 15/15
 17583 | D:14     | Noticed a great orb of eyes
 17583 | D:14     | Paralysed by a great orb of eyes for 4 turns
 17585 | D:14     | Noticed a fire giant
 17587 | D:14     | Noticed an ettin
 17613 | D:14     | Killed an ettin
 17628 | D:14     | Killed a great orb of eyes
 17647 | D:14     | Killed a fire giant
 17651 | D:14     | Reached skill level 10 in Armour
 17653 | D:14     | Shot with an arrow of frost by a deep elf archer

Vault maps used:
D:1:      evilmike_arrival_crescent
D:2:      lightli_temple_of_fire, old_standard_altar, old_standard_altar,
          ecumenical_altar_1, lemuel_statue_altar, uniq_iyjb
D:3:      minmay_misc_feat_x, serial_park_tiny_2, uniq_terence,
          uniq_crazy_yiuf_cottage
D:4:      fiery_altar_vehumet
D:5:      lemuel_round_altar, evilmike_ruin_ashenzari, cheibriados_altar_1,
          serial_curves, eino_curves_01, eino_curves_03, eino_curves_04,
          first_bread, hex_intersection
D:6:      nicolae_whirlpool, gup_sewer_entry_bubbles, uniq_prince_ribbit1
D:7:      minmay_temple_entry_butterflies, basic_altar, hangedman_decor_points
D:8:      nicolae_ru_sacrificial_ziggurat, grunt_ogre_cave,
          corexii_hall_statues_l, nrook_pool_corridor, kennysheep_island_fort
D:9:      tso_altar
D:10:     okawaru_arena_lexackson, serial_shops, shop
D:11:     erik_lair_orcish_takeover, uniq_grum, uniq_sonja
D:12:     st_stairs_13, minmay_rotating_lava
D:13:     david_vaults_1, lab_entry_generic
D:14:     kennysheep_four_of_diamonds, serial_shops, shop_statue,
          hangedman_decor_push
Lair:1:   fungi_pond_lemuel
Sewer:    kennysheep_sewer_church

Skill      XL: |  1  2  3  4  5  6  7  8  9 10 11 12 13 |
---------------+----------------------------------------+-----
Fighting       | 4 5 6 7 8 9 |  9.9
Armour         | 3 4 5 6 7 8 9 10 | 10.0
Dodging        | 2 3 4 5 6 |  6.6
Shields        | 1 2 3 4 6 7 9 10 11 | 11.1
Maces & Flails | 4 5 6 7 8 9 10 11 | 11.0
Stealth        | 1 |  1.2
Throwing       | 1 2 4 |  4.6
Evocations     | 1 2 3 |  3.2
Bows           | 1 6 |  6.0

Action                   |  1- 3 |  4- 6 |  7- 9 | 10-12 | 13-15 || total
-------------------------+-------+-------+-------+-------+-------++-------
Melee: Mace              |    83 |   194 |   588 |  1033 |   157 ||  2055
       Short sword       |     1 |       |       |       |       ||     1
 Fire: Blowgun           |       |       |     8 |    15 |     2 ||    25
       Shortbow          |       |       |       |   187 |       ||   187
Throw: Tomahawk          |       |     2 |    33 |     2 |       ||    37
       Throwing net      |       |       |       |     3 |       ||     3
       Javelin           |       |       |       |    46 |       ||    46
Invok: Berserk           |     1 |     5 |     5 |     6 |     2 ||    19
       Trog's Hand       |       |     1 |     3 |    11 |     3 ||    18
       Brothers in Arms  |       |       |       |     7 |     1 ||     8
       Burn Spellbooks   |       |       |       |     1 |     1 ||     2
 Abil: Evoke Flight      |       |       |       |     2 |       ||     2
Evoke: Wand              |       |     1 |     6 |    49 |     2 ||    58
  Use: Scroll            |     3 |     5 |     8 |    24 |     1 ||    41
       Potion            |     1 |     3 |     8 |    12 |     2 ||    26
 Stab: Invisible         |       |     4 |       |       |       ||     4
  Eat: Royal jelly       |     1 |     2 |       |       |       ||     3
       Chunk             |       |     3 |     6 |    12 |     2 ||    23
       Meat ration       |       |     1 |       |     3 |     1 ||     5
       Pizza             |       |     1 |       |     2 |       ||     3
       Bread ration      |       |       |     3 |     2 |       ||     5
       Fruit             |       |       |     1 |     6 |       ||     7
       Beef jerky        |       |       |       |     3 |     1 ||     4
